 Dungeon Crawl Stone Soup version 0.25-a0-353-ged6d54792d (webtiles) character file.

Game seed: 12961001842733607301, levelgen mode: deterministic

20 PentaManta the Shield-Bearer (level 3, 0/29 HPs)
             Began as a Formicid Fighter on Jan 2, 2020.
             Slain by a rat (3 damage)
             ... on level 1 of the Dungeon.
             The game lasted 00:01:58 (480 turns).

PentaManta the Shield-Bearer (Formicid Fighter)      Turns: 480, Time: 00:01:58

Health: 0/29       AC:  0    Str: 21    XL:     3   Next: 0%
Magic:  3/3        EV: 11    Int:  7    God:
Gold:   40         SH:  0    Dex: 10    Spells: 2/2 levels left

rFire    . . .     SeeInvis +   (no weapon)
rCold    . . .     Gourm    .   (no shield)
rNeg     . . .     Faith    .   (no armour)
rPois    .         Spirit   .   (helmet unavailable)
rElec    .         Reflect  .   (no cloak)
rCorr    .         Harm     .   (no gloves)
MR       .....                  (no boots)
Stlth    ++........             (no amulet)
HPRegen  0.09/turn              (no ring)
MPRegen  0.08/turn              (no ring)

@: no status effects
A: permanent stasis, dig shafts and tunnels, four strong arms, antennae 3
a: Dig, Shaft Self


You were on level 1 of the Dungeon.
You were not hungry.

You visited 1 branch of the dungeon, and saw 1 of its levels.

You collected 40 gold pieces.

Inventory:

Armour
 b - a +0 scale mail
 c - a +0 shield
Scrolls
 h - a scroll of enchant weapon
Potions
 d - a potion of might
Comestibles
 f - a ration


   Skills:
 - Level 3.2 Fighting
   Level 2.4 Short Blades
 - Level 3.2 Armour
 + Level 1.5 Stealth
 + Level 4.1 Shields


You had 2 spell levels left.
You didn't know any spells.
Your spell library was empty.

Dungeon Overview and Level Annotations

Branches:
Dungeon (1/15)

Altars:


Innate Abilities, Weirdness & Mutations

You cannot be hasted, slowed, berserked, paralysed or teleported.
You can dig through walls and to a lower floor.
Your four strong arms can wield two-handed weapons with a shield.
You have a pair of large antennae on your head. (SInv)


Message History

The rat closely misses you. The rat closely misses you.
The rat closely misses you. The rat bites you. The rat barely misses you.
The rat barely misses you.
The rat twitches its whiskers.
The rat completely misses you. The rat bites you. The rat bites you.
* * * LOW HITPOINT WARNING * * *
The rat bites you.
* * * LOW HITPOINT WARNING * * *
The rat closely misses you. The rat closely misses you. The rat bites you.
* * * LOW HITPOINT WARNING * * *
The rat closely misses you. The rat bites you.
You die...

.....###.........#######
.......................#
.....##...###.##.#######
.....##.#.# #.##.#
#+##.##.#.# # #.#
..........# #.#
#.##.#..### #.#
#.##.#..# #r# #.##.#..#
#@# #.....[.# #.#
####.#....... ..# #
#......... ####
############# ...# ####
# #


You could see a rat.

Vanquished Creatures
  4 dart slugs (D:1)
  A ball python (D:1)
  A giant cockroach (D:1)
  2 goblins (D:1)
  2 frilled lizards (D:1)
  3 rats (D:1)
13 creatures vanquished.

Notes
Turn   | Place    | Note
-------+----------+-------------------------------------------
     0 | D:1      | PentaManta the Formicid Fighter began the quest for the
                  | Orb.
     0 | D:1      | Reached XP level 1. HP: 18/18 MP: 1/1
    71 | D:1      | Reached skill level 1 in Stealth
    71 | D:1      | Reached XP level 2. HP: 19/24 MP: 2/2
   225 | D:1      | Reached skill level 4 in Shields
   338 | D:1      | Reached XP level 3. HP: 28/29 MP: 3/3
   480 | D:1      | Slain by a rat

Levels and vault maps discovered:
D:1:      wander_arrival_fairy_ring, layout_basic, minmay_crystal_water

Skill      XL: |  1  2 |
---------------+-------+-----
Stealth        | 1 |  1.5
Shields        | 4 |  4.1
Fighting       | |  3.2
Short Blades   | |  2.4
Armour         | |  3.2

Action                   || total
-------------------------++-------
Melee: Rapier            ||    40
       Unarmed           ||     1
  Use: Scroll            ||     1
       Potion            ||     1
Armor: Scale mail        ||    19
Dodge: Dodged            ||    24
Block: Shield            ||    16

Table legend:
 A = Non-vault XP
 B = Vault XP
 C = Vault XP percentage of total XP
 D = Non-vault monster count
 E = Vault monster count
 F = Vault count percentage of total count
                 A         B        C        D         E       F
            +---------+---------+-------+---------+---------+-------
      Total |      29 |       0 |   0.0 |      13 |       0 |   0.0
            +---------+---------+-------+---------+---------+-------
        D:1 |      29 |       0 |   0.0 |      13 |       0 |   0.0
            +---------+---------+-------+---------+---------+-------
